 Dungeon Crawl Stone Soup version 0.30-a0-622-gddc90eaa04 (webtiles) character file.

Game seed: 16947955791369880642

1003 Leeroy the Covert (level 8, 0/50 (52) HPs)
             Began as a Merfolk Enchanter on Jan 10, 2023.
             Was a Believer of Wu Jian.
             Slain by a two-headed ogre
             ... wielding a +0 giant club
              (11 damage)
             ... on level 6 of the Dungeon.
             The game lasted 00:07:55 (4810 turns).

Leeroy the Covert (Merfolk Enchanter)               Turns: 4810, Time: 00:07:56

HP:   0/50 (52)     AC: 10    Str:  8    XL:     8   Next: 20%
MP:   0/11          EV: 13    Int: 14    God:    Wu Jian [**....]
Gold: 430           SH:  0    Dex: 17    Spells: 3/11 levels left

rFire   . . .      SeeInvis .    E - +2 dagger (venom)
rCold   . . .      Faith    .    (no shield)
rNeg    . . .      Spirit   .    H - +0 steam dragon scales
rPois   .          Reflect  .    (no helmet)
rElec   .          Harm     .    l - +0 cloak
rCorr   .          Rampage  .    (no gloves)
Will    .....                    (no boots)
Stlth   +++++                    t - amulet of regeneration
HPRegen 1.08/turn                z - +4 ring of protection
MPRegen 0.12/turn                (no ring)

@: mesmerised, lightly drained, invisible
A: (nimble swimmer 2), mertail
a: Renounce Religion, Wall Jump


You were on level 6 of the Dungeon.
You worshipped Wu Jian.
Wu Jian was pleased with you.
You visited 1 branch of the dungeon, and saw 6 of its levels.

You collected 430 gold pieces.

Inventory:

Hand Weapons
 a - a +1 dagger
 u - a +0 long sword
 x - a +0 short sword of speed
 E - a +2 dagger of venom (weapon)
Missiles
 g - 5 poisoned darts (quivered)
Armour
 b - a +0 robe
 l - a +0 cloak (worn)
 H - +0 steam dragon scales (worn)
Jewellery
 t - an amulet of regeneration (around neck)
 z - a +4 ring of protection (left hand)
 A - a ring of protection from cold
Wands
 D - a wand of mindburst (19)
Scrolls
 f - 2 scrolls of teleportation {unknown}
 h - 3 scrolls of identify {unknown}
 i - 2 scrolls of vulnerability {unknown}
 j - a scroll of fog {unknown}
 k - 3 scrolls of blinking {unknown}
 m - a scroll of immolation {unknown}
 n - 2 scrolls of fear {unknown}
 r - 2 scrolls of noise {unknown}
 v - a scroll of brand weapon {unknown}
 y - a scroll of summoning {unknown}
 B - a scroll of magic mapping {unknown}
 F - a scroll of enchant weapon {unknown}
 G - a scroll of silence {unknown}
 K - a scroll of poison {unknown}
Potions
 d - 3 potions of curing
 e - 2 potions of ambrosia {unknown}
 o - a potion of mutation {unknown}
 p - 2 potions of haste {unknown}
 q - 4 potions of degeneration {unknown}
 s - a potion of heal wounds {unknown}
 w - a potion of magic {unknown}
 C - a potion of cancellation {unknown}
 I - a potion of lignification {unknown}
 J - a potion of berserk rage {unknown}


   Skills:
 - Level 1.2 Short Blades
 - Level 2.6 Dodging
 + Level 11.5 Stealth
 - Level 2.0 Spellcasting
 - Level 3.0 Hexes


You had 3 spell levels left.
You knew the following spells:

 Your Spells              Type           Power      Damage    Failure   Level
a - Ensorcelled Hibernat  Hex/Ice        10%        N/A       19%         2
b - Confusing Touch       Hex            9%         N/A       21%         3
c - Dazzling Flash        Conj/Hex       10%        N/A       36%         3

Your spell library contained the following spells:

 Spells                   Type           Power      Damage    Failure   Level
 Tukima's Dance           Hex            9%         N/A       21%         3
 Animate Armour           Summ/Erth      2%         N/A       93%         4
 Blade Hands              Tmut           0%         N/A       100%        5
 Freezing Cloud           Conj/Ice/Air   0%         6-21      100%        5
 Iron Shot                Conj/Erth      0%         9d1       100%        6
 Simulacrum               Ice/Necr       0%         N/A       100%        6
 Polar Vortex             Ice            0%         N/A       100%        9


Dungeon Overview and Level Annotations

Branches:
Dungeon (6/15)             Temple (0/1) D:4

Altars:
Cheibriados
Elyvilon
Fedhas
Gozag
Kikubaaqudgha
Makhleb
Okawaru
Sif Muna
Trog
Wu Jian
Yredelemnul
The Shining One

Annotations:
D:3 3 runed translucent doors, heinrich's ghost, weakling VSBr
D:6 Maggie


Innate Abilities, Weirdness & Mutations

((You are very nimble when in or above water. (Stealth+, EV+, Speed+++)))
Your lower body shifts to a powerful aquatic tail in water.


Message History

You feel drained.
An ogre comes into view. It is wielding a +0 giant club.
You hit Maggie.
Maggie is almost dead.
Maggie drinks a potion.
Maggie is healed!
Maggie looks more healthy.
An orc comes into view. It is wielding a +0 short sword.
Maggie gestures at you while chanting. The bolt of fire hits you!!
Maggie casts a spell.
Maggie attempts to bespell you! You resist with almost no effort.
Okay, then.
The two-headed ogre attacks as you move away!
The two-headed ogre hits you with a +0 giant club.
The two-headed ogre barely misses you.
Maggie practices a pose.
Maggie gestures wildly while chanting.
Maggie attempts to bespell you! You resist with almost no effort.
Your magical contamination has completely faded away.
Maggie mumbles some strange words.
Maggie attempts to bespell you!
You are mesmerised by Maggie!
You cannot move away from Maggie!
You cannot move away from Maggie!
You cannot move away from Maggie!
Casting: Ensorcelled Hibernation (safe; 19% risk of failure)
Confirm with . or Enter, or press ? or * to list all spells.
Aiming: Ensorcelled Hibernation (safe; 19% risk of failure)
Press: ? - help, Shift-Dir - straight line, f - two-headed ogre, p - Maggie
Aim: a two-headed ogre, wielding two +0 giant clubs (chance to affect: 23%)
The two-headed ogre resists with almost no effort.
Casting: Ensorcelled Hibernation (safe; 19% risk of failure)
Confirm with . or Enter, or press ? or * to list all spells.
You don't have enough magic to cast this spell.
The two-headed ogre hits you with a +0 giant club!
The two-headed ogre closely misses you.
You fade into invisibility!
The two-headed ogre hits you with a +0 giant club!
* * * LOW HITPOINT WARNING * * *
The two-headed ogre hits you with a +0 giant club!
You die...

. #.. ## ##.# .### #
#..####### ...## ..#
##........## ....#
....## #........†.#
....#
.....####..........# #
....#
#..............## ##
....#
###..#..........###.
....#
##.@###.....###.....
....# #.O## #...###
###... ....# ##@##
#.### ##.... ...##
#######.O### ###
#.†...
O...###.....o....###
##....
..#..#o..O.........##
####.
.###................##
#. .#
##................# .
##
#.................## .


You could see Maggie (mesmerising, unable to see you), a two-headed ogre (unable
to see you), an ogre (unable to see you) and an orc (unable to see you).

Vanquished Creatures
  A steam dragon (D:6)
  4 black bears
  An ogre (D:4)
  A necrophage (D:6)
  A scorpion (D:4)
  A hound (D:6)
  A jelly (D:5)
  2 iguanas (D:5)
  An orc wizard (D:6)
  A howler monkey zombie (D:3)
  Robin (D:3)
  6 adders
  2 white imps (D:5)
  2 dart slugs
  3 orcs
  9 ball pythons
  7 endoplasms
  10 hobgoblins
  5 jackals (D:4)
  4 quokkas
  A ball python zombie (D:3)
  2 bats
  4 frilled lizards
  21 goblins
  7 kobolds
  5 rats
103 creatures vanquished.

Notes
Turn   | Place    | Note
-------+----------+-------------------------------------------
     0 | D:1      | Leeroy the Merfolk Enchanter began the quest for the Orb.
     0 | D:1      | Reached XP level 1. HP: 13/13 MP: 3/3
   275 | D:1      | Found a faded altar of an unknown god.
   314 | D:1      | Reached skill level 4 in Stealth
   314 | D:1      | Reached XP level 2. HP: 12/19 MP: 5/5
   320 | D:1      | Learned a level 2 spell: Ensorcelled Hibernation
   806 | D:2      | Reached XP level 3. HP: 22/24 MP: 6/6
  1121 | D:2      | Reached skill level 5 in Stealth
  1717 | D:3      | Noticed Robin
  1721 | D:3      | Reached XP level 4. HP: 24/30 MP: 7/7
  1759 | D:3      | HP: 1/30 [hobgoblin (5)]
  2072 | D:3      | Killed Robin
  2139 | D:3      | Reached skill level 6 in Stealth
  2217 | D:3      | Found a shimmering blue altar of Sif Muna.
  2224 | D:3      | Found an iron altar of Okawaru.
  2225 | D:3      | Found an ornate altar of the Wu Jian Council.
  2227 | D:3      | Found an opulent altar of Gozag.
  2227 | D:3      | Found a bloodstained altar of Trog.
  2228 | D:3      | Found a glowing golden altar of the Shining One.
  2230 | D:3      | Became a worshipper of the Wu Jian Council
  2237 | D:3      | Found a snail-covered altar of Cheibriados.
  2522 | D:3      | Found a runed translucent gate.
  2522 | D:3      | Found a runed translucent gate.
  2522 | D:3      | Found a runed translucent gate.
  2522 | D:3      | Noticed heinrich's ghost (weakling VSBr)
  2524 | D:3      | Found a basalt altar of Yredelemnul.
  2882 | D:3      | Learned a level 3 spell: Confusing Touch
  3056 | D:4      | Reached XP level 5. HP: 35/35 MP: 8/8
  3087 | D:4      | Noticed an ogre
  3101 | D:4      | Learned a level 3 spell: Dazzling Flash
  3105 | D:4      | HP: 1/35 [ogre/+0 giant spiked club (17)]
  3341 | D:4      | Reached * piety under Wu Jian
  3441 | D:4      | Found a burning altar of Makhleb.
  3457 | D:4      | Found a blossoming altar of Fedhas.
  3500 | D:4      | Reached skill level 7 in Stealth
  3574 | D:4      | Found a white marble altar of Elyvilon.
  3576 | D:4      | Found an ancient bone altar of Kikubaaqudgha.
  3663 | D:4      | Killed an ogre
  3664 | D:4      | Reached skill level 8 in Stealth
  3664 | D:4      | Reached XP level 6. HP: 19/41 MP: 2/9
  3807 | D:4      | Found a staircase to the Ecumenical Temple.
  4044 | D:5      | Entered Level 5 of the Dungeon
  4081 | D:5      | Noticed a black bear
  4090 | D:5      | Killed a black bear
  4142 | D:5      | Reached skill level 9 in Stealth
  4221 | D:5      | Reached XP level 7. HP: 46/46 MP: 10/10
  4393 | D:5      | Reached ** piety under Wu Jian
  4546 | D:6      | Reached skill level 10 in Stealth
  4637 | D:6      | Noticed a steam dragon
  4640 | D:6      | Killed a steam dragon
  4690 | D:6      | Reached skill level 11 in Stealth
  4690 | D:6      | Reached XP level 8. HP: 41/52 MP: 7/11
  4784 | D:6      | Noticed a two-headed ogre
  4791 | D:6      | Noticed Maggie
  4810 | D:6      | Slain by a two-headed ogre

Illustrated notes

Levels and vault maps discovered:
D:1:      nicolae_arrival_memento_mori, layout_rooms,
          shapermc_ecumenical_altar_acropolis, roderic_serpentine_path,
          kennysheep_another_room
D:2:      layout_loops_cross, hangedman_decor_diamond_cutter
D:3:      layout_loops_ring, nicolae_overflow_hallway_of_the_gods,
          nicolae_yredelemnul_ghost_church, uniq_robin
D:4:      layout_loops_cross, mainiacjoe_overflow_small_starburst,
          grunt_temple_overflow_open, minmay_temple_entry_enclosed_plants
D:5:      layout_rooms
D:6:      layout_cave_pods, uniq_maggie

Skill      XL: |  1  2  3  4  5  6  7 |
---------------+----------------------+-----
Stealth        | 4 5 6 8 9 11 | 11.5
Short Blades   | |  1.2
Dodging        | |  2.6
Spellcasting   | |  2.0
Hexes          | |  3.0

Action                   |  1- 3 |  4- 6 |  7- 9 || total
-------------------------+-------+-------+-------++-------
Melee: Dagger            |   157 |    54 |    52 ||   263
       Long sword        |       |    20 |       ||    20
       Short sword       |       |   114 |       ||   114
       Punch             |       |     1 |       ||     1
 Cast: Ensorcelled Hiber |       |    10 |     7 ||    17
Invok: Lunge             |       |    16 |     3 ||    19
       Whirlwind         |       |       |     2 ||     2
  Use: Potion            |       |     1 |     1 ||     2
 Stab: Sleeping          |     6 |    20 |     7 ||    33
       Invisible         |       |     1 |       ||     1
Armor: Robe              |    28 |    37 |     9 ||    74
       Steam dragon scal |       |       |    18 ||    18
Dodge: Dodged            |    95 |    85 |    37 ||   217

Table legend: (Time is in decaauts)
 A = Elapsed time spent in this place.
 B = Non-inter-level travel time spent in this place.
 C = Inter-level travel time spent in this place.
 D = Time resting spent in this place.
 E = Time spent auto-exploring this place.
 F = Levels seen in this place.
 G = Mean time per level.
                   A        B        C        D        E       F      G
               +--------+--------+--------+--------+--------+-----+--------+
         Total |   4759 |   4616 |    143 |    309 |   3339 |   6 |  793.2 |
       Dungeon |   4759 |   4616 |    143 |    309 |   3339 |   6 |  793.2 |
               +--------+--------+--------+--------+--------+-----+--------+

Top non-repeatable levels by time:
     D:2: 1308 daAuts
     D:3: 1205 daAuts
     D:4: 858 daAuts
     D:1: 625 daAuts
     D:5: 496 daAuts
     D:6: 266 daAuts
